 Dungeon Crawl Stone Soup version 0.25-a0-435-g4b9beb1024 (webtiles) character file.

Game seed: 14357638595569142881, levelgen mode: deterministic

942 Elellon the Thaumaturge (level 7, 0/36 HPs)
             Began as a Deep Elf Conjurer on Jan 28, 2020.
             Succumbed to Duvessa's poison
             ... on level 5 of the Dungeon.
             The game lasted 00:09:34 (5859 turns).

Elellon the Thaumaturge (Deep Elf Conjurer)         Turns: 5859, Time: 00:09:35

Health: 0/36       AC:  3    Str:  9    XL:     7   Next: 88%
Magic:  7/21       EV: 12    Int: 20    God:
Gold:   181        SH:  4    Dex: 13    Spells: 16/23 levels left

rFire    . . .     SeeInvis .   p - +5 falchion
rCold    + + .     Gourm    .   g - +1 buckler of Indemnity {rC++ Str+2 Dex-2}
rNeg     . . .     Faith    .   a - +0 robe
rPois    .         Spirit   .   q - +0 helmet
rElec    .         Reflect  .   (no cloak)
rCorr    .         Harm     .   (no gloves)
MR       .....                  (no boots)
Stlth    ++........             (no amulet)
HPRegen  0.12/turn              (no ring)
MPRegen  0.17/turn              (no ring)

@: lethally poisoned (0 -> -35)
A: no striking features
a: no special abilities


You were on level 5 of the Dungeon.
You were not hungry.

You visited 1 branch of the dungeon, and saw 5 of its levels.

You collected 181 gold pieces.

Inventory:

Hand Weapons
 p - a +5 falchion (weapon)
Armour
 a - a +0 robe (worn)
 g - the +1 buckler of Indemnity (worn) {rC++ Str+2 Dex-2}
   (You found it on level 4 of the Dungeon)

   It affects your strength (+2).
   It affects your dexterity (-2).
   It greatly protects you from cold.
   If you remove this armour, your AC will rise 0 points (3 -> 3)
 q - a +0 helmet (worn)
Jewellery
 e - a +4 ring of evasion {unknown}
Wands
 k - a wand of iceblast (10)
 x - a wand of digging (5)
 y - a wand of acid (10)
Scrolls
 f - a scroll of teleportation
 i - 2 scrolls of blinking {unknown}
 r - 2 scrolls of fog
 s - a scroll of immolation
 u - 3 scrolls of identify
 z - 2 scrolls of remove curse
Potions
 b - 3 potions of lignification {unknown}
 d - a potion of flight {unknown}
 h - a potion of ambrosia {unknown}
 j - 4 potions of curing {unknown}
 m - a potion of brilliance {unknown}
 n - a potion of might {unknown}
 o - a potion of mutation {unknown}
 t - a potion of cancellation {unknown}
 v - 3 potions of haste
 w - 2 potions of invisibility {unknown}
Comestibles
 c - 13 rations
 l - 6 chunks of flesh


   Skills:
 - Level 2.4 Dodging
 - Level 2.4 Stealth
 + Level 0.7 Shields
 + Level 8.8 Spellcasting
 + Level 8.2 Conjurations


You had 16 spell levels left.
You knew the following spells:

 Your Spells              Type           Power        Failure   Level  Hunger
a - Magic Dart            Conj           ####         1%          1    None
b - Searing Ray           Conj           #####.       1%          2    None
c - Iskenderun's Mystic   Conj/Tloc      ####....     22%         4    ###....

Your spell library contained the following spells:

 Spells                   Type           Power        Failure   Level  Hunger
 Dazzling Flash           Conj/Hex       ####..       6%          3    None
 Fulminant Prism          Conj/Hex       ####......   22%         4    ###....


Dungeon Overview and Level Annotations

Branches:
Dungeon (5/15)
 Temple: D:4-7

Altars:
Cheibriados
Trog

Annotations:
D:3 3 runed translucent doors, PeterQ's ghost, amateur TrGl; voshxx's ghost, amateur GrFi
D:5 Duvessa


Message History

The searing ray hits Duvessa.
Duvessa is moderately wounded.
Duvessa hits you with a +2 rapier of venom!
You are poisoned.
Duvessa misses you.
The searing ray hits Duvessa.
Duvessa is moderately wounded.
You feel sick. You block Duvessa's attack.
The searing ray hits Duvessa.
Duvessa is heavily wounded.
You finish channeling your searing ray.
You feel sick.
Duvessa hits you with a +2 rapier of venom!
* * * LOW HITPOINT WARNING * * *
You are more poisoned.
Casting: Searing Ray (safe; 1% risk of failure)
Confirm with . or Enter, or press ? or * to list all spells.
You erupt in a blast of force!
The mystic blast hits Duvessa.
Duvessa is heavily wounded.
Duvessa is knocked back by the mystic blast.
You die...

.....##.#.....................
..... ###............#........
... #...........##.#........
#......#......#.#...........
..##.#####......#.###.....##..
......#......#....# #.........
.....#.......###..###.......##
#......._.)..#...#..........
#.......e..@...#...#.......#
...).........#....##.#....##.#
...........###.....#.......#.#
......#.....# .....#...(......
....###..#### ....##.......#.#
.... ##.# .....##......#.> ##.
#.. ........#....#..
##.....##...<..# ...##.......


You could see Duvessa (berserk).

Vanquished Creatures
  Grinder (D:3)
  Sigmund (D:3)
  An ogre (D:4)
  Dowan (D:5)
  2 crimson imps
  A hound (D:4)
  A bullfrog skeleton (D:4)
  An iguana (D:4)
  An orc wizard (D:5)
  2 worker ants (D:4)
  Robin (D:2)
  7 adders
  An adder skeleton (D:4)
  4 worms
  13 dart slugs
  5 leopard geckos
  5 orcs
  4 giant cockroaches
  21 goblins
  11 hobgoblins
  5 jackals
  8 kobolds
  5 quokkas
  A ball python (D:2)
  11 bats
  3 frilled lizards (D:2)
  8 rats
125 creatures vanquished.

Notes
Turn   | Place    | Note
-------+----------+-------------------------------------------
     0 | D:1      | Elellon the Deep Elf Conjurer began the quest for the Orb.
     0 | D:1      | Reached XP level 1. HP: 10/10 MP: 6/6
   632 | D:1      | Reached XP level 2. HP: 11/15 MP: 0/8
  1439 | D:2      | Noticed Robin
  1443 | D:2      | Reached XP level 3. HP: 18/19 MP: 0/10
  1539 | D:2      | Reached skill level 5 in Conjurations
  1601 | D:2      | Killed Robin
  1921 | D:2      | Reached XP level 4. HP: 24/24 MP: 9/12
  2236 | D:2      | Learned a level 2 spell: Searing Ray
  2241 | D:2      | Learned a level 4 spell: Iskenderun's Mystic Blast
  2371 | D:2      | Reached skill level 5 in Spellcasting
  3069 | D:3      | Reached XP level 5. HP: 28/28 MP: 12/15
  3523 | D:3      | Noticed Grinder
  3528 | D:3      | Paralysed by Grinder for 4 turns
  3533 | D:3      | Killed Grinder
  3533 | D:3      | Reached XP level 6. HP: 32/32 MP: 8/17
  3700 | D:3      | Found a snail-covered altar of Cheibriados.
  3747 | D:3      | Found a runed translucent gate.
  3747 | D:3      | Found a runed translucent gate.
  3747 | D:3      | Found a runed translucent gate.
  3749 | D:3      | Noticed voshxx's ghost (amateur GrFi)
  3749 | D:3      | Noticed PeterQ's ghost (amateur TrGl)
  3931 | D:3      | Noticed Sigmund
  3942 | D:3      | Killed Sigmund
  3942 | D:3      | Reached XP level 7. HP: 36/36 MP: 14/20
  4829 | D:4      | Got a faintly humming buckler
  4834 | D:4      | Identified the +1 buckler of Indemnity {rC++ Str+2 Dex-2}
                  | (You found it on level 4 of the Dungeon)
  5492 | D:5      | Entered Level 5 of the Dungeon
  5770 | D:5      | Found a bloodstained altar of Trog.
  5841 | D:5      | Noticed Dowan
  5843 | D:5      | Noticed Duvessa
  5854 | D:5      | Killed Dowan
  5859 | D:5      | Succumbed to Duvessa's poison

Levels and vault maps discovered:
D:1:      tarquinn_simple_flora_water_b, layout_loops_corners
D:2:      layout_loops_ring, minmay_pentomino_u4, uniq_robin
D:3:      layout_loops_cross, cheibriados_altar_1, serial_glass,
          glass_columns_b, glass_columns_c, glass_columns_b, glass_columns_b,
          feat_on_display, due_unseen_surprise, minmay_strange_pillars,
          gammafunk_ghost_cemetery, uniq_sigmund, uniq_grinder
D:4:      kennysheep_slugbush, layout_cave_pods
D:5:      layout_cave_pools, basic_altar, first_ration, uniq_duvessa

Skill      XL: |  1  2  3  4  5  6  7 |
---------------+----------------------+-----
Spellcasting   | 4 5 6 7 8 |  8.8
Conjurations   | 5 6 7 8 |  8.2
Dodging        | |  2.4
Stealth        | |  2.4
Shields        | |  0.7

Action                   |  1- 3 |  4- 6 |  7- 9 || total
-------------------------+-------+-------+-------++-------
Melee: Falchion          |       |       |     6 ||     6
 Cast: Magic Dart        |    71 |   120 |    76 ||   267
       Searing Ray       |       |     6 |    13 ||    19
       Iskenderun's Myst |       |       |     1 ||     1
  Use: Scroll            |       |       |     8 ||     8
  Eat: Chunk             |     3 |     6 |     6 ||    15
Armor: Robe              |       |     3 |     6 ||     9
Dodge: Dodged            |     5 |     7 |    14 ||    26
Block: Buckler           |       |       |     2 ||     2
       Rpst.: Falchion   |       |       |     1 ||     1

Table legend:
 A = Non-vault XP
 B = Vault XP
 C = Vault XP percentage of total XP
 D = Non-vault monster count
 E = Vault monster count
 F = Vault count percentage of total count
                 A         B        C        D         E       F
            +---------+---------+-------+---------+---------+-------
      Total |     690 |     657 |  48.8 |      95 |      30 |  24.0
            +---------+---------+-------+---------+---------+-------
        D:1 |      32 |       2 |   5.9 |      19 |       1 |   5.0
        D:2 |      90 |      40 |  30.8 |      28 |      16 |  36.4
        D:3 |     140 |     506 |  78.3 |      28 |       2 |   6.7
        D:4 |     325 |      40 |  11.0 |      12 |      10 |  45.5
        D:5 |     103 |      69 |  40.1 |       8 |       1 |  11.1
            +---------+---------+-------+---------+---------+-------
